Map: 16 bits EC

Players

GkKkouZ

  • Race: Terran Terran
  • League: Platinum
  • Spawn Location: 7:00

IA (très facile) - Winner!

  • Race: Protoss Protoss
  • Spawn Location: 1:00

VOD

Have the link to the VOD?

Description

Time

  • Played on: July 30, 2018, 9:06 a.m.
  • Length: 4:12
Show
View Real Time Build Order
Export as new Build Order

GkKkouZ Terran 

Build Orders:  

Get SALT Encoding   

  12  0:01  SCV  
  13  0:13  SCV  
  14  0:19  Supply Depot  
  14  0:25  SCV  
  15  0:41  SCV  
  16  0:43  Barracks  
  16  0:50  Refinery  
  16  0:53  SCV  
  17  1:05  SCV  
  18  1:17  SCV  
  19  1:30  Orbital Command, Marine  
  20  1:45  Command Center  
  20  1:50  Barracks Tech Lab  
  20  1:55  SCV  
  20  1:59  Supply Depot  
  21  2:09  Marauder  
  21  2:10  Concussive Shells  
  23  2:20  SCV  
  24  2:24  Barracks  
  24  2:30  Marauder  
  24  2:36  SCV  
  27  2:43  Barracks  
  27  2:51  Marine  
  27  2:54  SCV  
  29  3:01  Orbital Command  
  29  3:10  Marine  
  29  3:12  Barracks Reactor  
  30  3:15  Engineering Bay  
  30  3:28  Marine, SCV  
  32  3:35  SCV  
  32  3:37  Marine  
  32  3:40  SCV  
  35  3:45  Marine  
  35  3:47  SCV  
  37  3:49  Marine  
  37  3:50  Marine  
  37  3:53  SCV  
  41  3:59  SCV  
  42  4:07  Supply Depot  
Show
View Real Time Build Order
Export as new Build Order

IA (très facile) Protoss - Winner!

Build Orders: 1 Gate Expand, Nexus First 

Get SALT Encoding   

  12  0:00  Probe  
  13  0:13  Probe  
  14  0:19  Pylon  
  14  0:42  Gateway  
  14  1:02  Nexus  
  14  1:20  Pylon  
  14  1:22  Zealot  
  14  1:25  Assimilator  
  16  1:38  Cybernetics Core  
  16  1:39  Probe  
  17  1:52  Probe  
  18  2:01  Assimilator, Probe  
  18  2:07  Stalker  
  19  2:09  Probe  
  20  2:16  Warp Gate  
  20  2:18  Probe  
  23  2:25  Probe  
  24  2:33  Probe  
  25  2:40  Probe  
  26  2:52  Probe  
  26  2:53  Assimilator  
  26  2:57  Pylon  
  27  2:59  Probe  
  28  3:07  Probe  
  29  3:12  Robotics Facility  
  29  3:14  Probe  
  30  3:27  Probe  
  30  3:30  Zealot, Probe  
  34  3:41  Probe  
  34  3:48  Probe  
  35  3:56  Probe  
Tags
 
Add a new tag
Caveats
  • Supply blocks, unpowered buildings, or Contaminate may cause inaccurate times.
  • Supply counts are checked every 10 seconds.